 Dungeon Crawl Stone Soup version 0.31-a0-325-g067879e3d3 (webtiles) character file.

Game seed: 14557820101132956733

0 Monkooky the Charlatan (level 1, 0/15 HPs)
             Began as a Demonspawn Artificer on July 18, 2023.
             Slain by a goblin
             ... wielding a +0 club
              (3 damage)
             ... on level 1 of the Dungeon.
             The game lasted 00:00:22 (76 turns).

Monkooky the Charlatan (Demonspawn Artificer)         Turns: 76, Time: 00:00:22

Health: 0/15       AC:  3    Str: 12    XL:     1   Next: 8%
Magic:  1/1        EV: 11    Int: 12    God:
Gold:   0          SH:  0    Dex: 13    Spells: 0/0 levels left

rFire   . . .        f - +0 short sword (vamp)
rCold   . . .        (no shield)
rNeg    . . .        b - +0 leather armour
rPois   .            (no helmet)
rElec   .            (no cloak)
rCorr   .            (no gloves)
SInv    .            (no boots)
Will    .....        (no amulet)
Stlth   +            (no ring)
HPRegen 0.22/turn    (no ring)
MPRegen 0.07/turn

%: no passive effects
@: no status effects
A: no striking features
a: no special abilities


You were on level 1 of the Dungeon.
You visited 1 branch of the dungeon, and saw 1 of its levels.

Inventory:

Hand Weapons
 a - a +0 club
 f - a +0 vampiric short sword (weapon)
Armour
 b - a +0 leather armour (worn)
Wands
 c - a wand of flame (15) (quivered)
 d - a wand of charming (13)
 e - a wand of iceblast (5)


   Skills:
 + Level 1.1 Fighting
 - Level 1.7 Armour
 - Level 0.8 Dodging
 - Level 0.8 Stealth
 - Level 3.0 Evocations


You couldn't memorise any spells.
You didn't know any spells.
Your spell library was empty.

Dungeon Overview and Level Annotations

Branches:
Dungeon (1/15)

Altars:


Message History

You are too injured to fight recklessly!
You are too injured to fight recklessly!
You are too injured to fight recklessly!
You are too injured to fight recklessly!
You are too injured to fight recklessly!
You are too injured to fight recklessly!
Unknown command.
The kobold throws a stone.
The stone barely misses you.
You barely miss the quokka. The quokka barely misses you. The quokka bites you.
* * * LOW HITPOINT WARNING * * *
You closely miss the quokka.
The quokka bites you but does no damage.
Aiming: Charm
Press: ? - help, Shift-Dir - straight line, f - quokka
Aim: a quokka (chance to affect: 73%)
The quokka struggles to resist.
The quokka bites you but does no damage.
Aiming: Charm
Press: ? - help, Shift-Dir - straight line, f/p - quokka
Aim: a quokka (chance to affect: 73%)
The quokka is charmed.
The kobold throws a stone.
The stone misses your quokka. The stone misses you.
The goblin hits your quokka with a +0 club.
What are your orders? t - Shout!
Orders for allies: a - Attack new target. p - Attack previous target. r - Retreat! s - Stop attacking. g - Guard the area. f - Follow me.
Anything else - Cancel.
Gang up on whom?
Press: ? - help, Dir - move target, f - goblin, p - quokka
Aim: a goblin, wielding a +0 club Attack!
Your quokka bites the goblin.
The goblin barely misses your quokka.
Your quokka barely misses the goblin.
Unknown command.
The goblin closely misses your quokka.
Your quokka barely misses the goblin.
The goblin hits your quokka with a +0 club.
Your quokka dies!
The goblin hits you with a +0 club.
You die...

.. .# #.
.#
#.##$###.#
.......
#.###...#
#.....#.#
#####gK.#
##g## #@#
#.###
#...#
#.#.#
###.#
#...#
#.###
###.##
#..#.#


You could see a hobgoblin, a goblin and a kobold.

Vanquished Creatures
  A rat (D:1)
1 creature vanquished.

Vanquished Creatures (others)
  A quokka (D:1)
1 creature vanquished.

Grand Total: 2 creatures vanquished

Notes
Turn   | Place    | Note
-------+----------+-------------------------------------------
     0 | D:1      | Monkooky the Demonspawn Artificer began the quest for the
                  | Orb.
     0 | D:1      | Reached XP level 1. HP: 15/15 MP: 1/1
    76 | D:1      | Slain by a goblin

Illustrated notes

Levels and vault maps discovered:
D:1:      lemuel_arrival_tunnels, layout_loops_ring,
          shapermc_ecumenical_altar_hornbeckon, minmay_misc_feat_nine_boxes,
          dk_noncrumbling_3, minmay_gold_behind_fungi,
          chequers_decorated_corner, serial_bayou_pond_a, minmay_octomino_e4

Action                     || total
---------------------------++-------
  Melee: Short sword       ||     7
  Evoke: Wand              ||     2
 Armour: Leather armour    ||     5
  Dodge: Dodged            ||     7

Table legend: (Time is in decaauts)
 A = Elapsed time spent in this place.
 B = Non-inter-level travel time spent in this place.
 C = Inter-level travel time spent in this place.
 D = Time resting spent in this place.
 E = Time spent auto-exploring this place.
 F = Levels seen in this place.
 G = Mean time per level.
                   A        B        C        D        E       F      G
               +--------+--------+--------+--------+--------+-----+--------+
         Total |     75 |     75 |      0 |      0 |     51 |   1 |   75.0 |
       Dungeon |     75 |     75 |      0 |      0 |     51 |   1 |   75.0 |
               +--------+--------+--------+--------+--------+-----+--------+

Top non-repeatable levels by time:
     D:1: 75 daAuts
